 Dungeon Crawl Stone Soup version 0.31-a0-187-gba352fbbf7 (webtiles) character file.

Game seed: 13632977214390598041

50 qw the Shooter (level 3, 0/20 HPs)
             Began as a Deep Elf Hunter on June 22, 2023.
             Slain by Terence
             ... wielding a +0 flail
              (1 damage)
             ... on level 3 of the Dungeon.
             The game lasted 00:00:29 (1198 turns).

qw the Shooter (Deep Elf Hunter)                    Turns: 1198, Time: 00:00:30

Health: 0/20       AC:  6    Str:  8 (10) XL:     3   Next: 55%
Magic:  5/5        EV: 10    Int: 11 (13) God:
Gold:   94         SH:  0    Dex: 17 (18) Spells: 2/2 levels left

rFire   . . .        Y - +0 shortbow
rCold   . . .        (shield currently unavailable)
rNeg    . . .        d - +0 ring mail
rPois   .            (no helmet)
rElec   .            (no cloak)
rCorr   .            (no gloves)
SInv    .            a - +0 pair of boots
Will    .....        (no amulet)
Stlth   +            (no ring)
HPRegen 0.23/turn    (no ring)
MPRegen 0.09/turn

%: no passive effects
@: about to teleport
A: no striking features
a: no special abilities


You were on level 3 of the Dungeon.
You visited 1 branch of the dungeon, and saw 3 of its levels.

You collected 94 gold pieces.


   Skills:
 - Level 1.5 Fighting
 + Level 7.1 Ranged Weapons
 - Level 2.4 Dodging
 - Level 1.2 Stealth


You had 2 spell levels left.
You didn't know any spells.
Your spell library was empty.

Inventory:

Hand Weapons
 Y - a +0 shortbow (weapon)
Armour
 a - a +0 pair of boots (worn)
 d - a +0 ring mail (worn)
 h - a +1 pair of gloves
Scrolls
 g - a scroll of silence {unknown}
Potions
 b - a potion of cancellation {unknown}
 c - 3 potions of curing
 f - a potion of heal wounds {unknown}

Dungeon Overview and Level Annotations

Branches:
Dungeon (3/15)

Altars:

Shops:
D:2 =

Annotations:
D:3 Terence


Message History

Terence the Incautious comes into view.
He is wielding a +0 flail.
Enter note:
Enter note: You shoot an arrow.
The arrow hits Terence.
Terence shouts!
Terence is lightly wounded.
A ball python comes into view.
You shoot an arrow. The arrow closely misses Terence.
The ball python hisses angrily.
The arrow hits the ball python!
You kill the ball python!
A quokka comes into view.
You shoot an arrow.
The arrow hits Terence but does no damage.
Terence is lightly wounded.
You shoot an arrow. The arrow closely misses Terence.
The arrow hits the quokka.
The quokka is heavily wounded.
You shoot an arrow. The arrow hits Terence.
Terence is moderately wounded.
You shoot an arrow. The arrow closely misses Terence.
The arrow hits the quokka.
The quokka is severely wounded.
Terence hits you with a +0 flail.
You shoot an arrow.
The arrow hits the quokka but does no damage.
The quokka is severely wounded.
The quokka bites you but does no damage.
Terence hits you with a +0 flail.
You shoot an arrow.
The arrow hits the quokka but does no damage.
The quokka is severely wounded.
The quokka barely misses you. Terence barely misses you.
The quokka bites you but does no damage.
You shoot an arrow. The arrow misses the quokka.
Terence hits you with a +0 flail. The quokka barely misses you.
Terence hits you with a +0 flail.
1198 ||| READING scroll of teleportation.
As you read the scroll of teleportation, it crumbles to dust.
You feel strangely unstable. The quokka bites you.
Terence hits you with a +0 flail.
You die...

#)....#.##.#
.....%..####.#####.##.#
.......+.(........##..
......####.##########
.!...# #.........
...(.# #..#######
.....####..# #@r......#
#@.......# #.....?#.# .
# #......#.# .. #.
#......#.# #. #.
#......#.# #.#.#
#......#.# #....
#......#.#
#..##......#.#
####)>............


You could see Terence and a quokka.

Vanquished Creatures
  An adder (D:2)
  7 bats
  An endoplasm (D:2)
  2 giant cockroaches (D:1)
  2 goblins
  A hobgoblin (D:1)
  4 jackals (D:1)
  6 quokkas
  6 ball pythons
  3 kobolds
  2 rats (D:1)
35 creatures vanquished.

Notes
Turn   | Place    | Note
-------+----------+-------------------------------------------
     0 | D:1      | qw the Deep Elf Hunter began the quest for the Orb.
     0 | D:1      | Reached XP level 1. HP: 12/12 MP: 3/3
     0 | D:1      | 0 ||| qw: Version: 0.3-a-9-g12657ce
     0 | D:1      | 0 ||| qw: Game counter: 2616
     0 | D:1      | 0 ||| qw: Always use a shield: true
     0 | D:1      | 0 ||| qw: God list: Okawaru
     0 | D:1      | 0 ||| qw: Allow faded altars: false
     0 | D:1      | 0 ||| qw: Do Orc after D:15 true
     0 | D:1      | 0 ||| qw: Do second Lair branch before Depths: true
     0 | D:1      | 0 ||| qw: Lair rune preference: random
     0 | D:1      | 0 ||| qw: Plans: Normal
     0 | D:1      | 0 ||| PLANNING D:1-11
   117 | D:1      | You fall into a shaft and drop 1 floor!
   155 | D:2      | 155 ||| READING scroll labelled XEMMOE YPUSH.
   263 | D:2      | Reached skill level 6 in Ranged Weapons
   263 | D:2      | Reached XP level 2. HP: 16/16 MP: 4/4
   279 | D:2      | 279 ||| UPGRADING to +0 pair of boots.
   284 | D:2      | 284 ||| READING scroll labelled KIZIWN UMUASE.
   285 | D:2      | 285 ||| DROPPING scroll of butterflies.
   632 | D:1      | 632 ||| UPGRADING to +0 ring mail.
   642 | D:1      | 642 ||| DROPPING +0 leather armour.
   643 | D:1      | 643 ||| READING scroll labelled AHIACANOIJE.
   644 | D:1      | 644 ||| READING 2 scrolls labelled QIRIBO HOUTOTWYVE.
   645 | D:1      | 645 ||| DRINKING 2 sedimented blue potions.
   646 | D:1      | 646 ||| DROPPING potion of degeneration.
   647 | D:1      | 647 ||| DROPPING scroll of noise.
   714 | D:2      | Reached XP level 3. HP: 20/20 MP: 5/5
   774 | D:2      | Found Daufrisu's Jewellery Shop.
   784 | D:2      | 784 ||| SHOPLISTING +6 ring of strength (432 gold, have
                  | 62).
   784 | D:2      | 784 ||| SHOPLISTING amulet "Gem Zoich" {Spirit rF+ rC++}
                  | (738 gold, have 62).
   784 | D:2      | 784 ||| SHOPLISTING amulet of regeneration (360 gold, have
                  | 62).
   973 | D:2      | 973 ||| READING scroll labelled WENA CYLIGIEQO.
   974 | D:2      | 974 ||| DRINKING 2 puce potions.
   994 | D:3      | Reached skill level 7 in Ranged Weapons
  1188 | D:3      | Noticed Terence
  1197 | D:3      | HP: 4/20 [Terence/+0 flail (5)]
  1198 | D:3      | 1198 ||| READING scroll of teleportation.
  1198 | D:3      | HP: 1/20 [quokka (3)]
  1198 | D:3      | Slain by Terence

Levels and vault maps discovered:
D:1:      ldierk_walled_garden, layout_rooms, shapermc_ecumenical_altar_petra
D:2:      layout_basic, serial_shops, shop, hangedman_glass_teeth
D:3:      layout_basic, tso_altar, uniq_terence

Skill      XL: |  1  2  3 |
---------------+----------+-----
Ranged Weapons | 6 7 |  7.1
Fighting       | |  1.5
Dodging        | |  2.4
Stealth        | |  1.2

Action                     || total
---------------------------++-------
   Fire: Shortbow          ||    89
    Use: Scroll            ||     6
         Potion            ||     2
 Armour: Leather armour    ||     4
         Ring mail         ||    12
  Dodge: Dodged            ||    20

Table legend:
 A = Non-vault XP
 B = Vault XP
 C = Vault XP percentage of total XP
 D = Non-vault monster count
 E = Vault monster count
 F = Vault count percentage of total count
                 A         B        C        D         E       F
            +---------+---------+-------+---------+---------+-------
      Total |      72 |       0 |   0.0 |      35 |       0 |   0.0
            +---------+---------+-------+---------+---------+-------
        D:1 |      33 |       0 |   0.0 |      19 |       0 |   0.0
        D:2 |      26 |       0 |   0.0 |       9 |       0 |   0.0
        D:3 |      13 |       0 |   0.0 |       7 |       0 |   0.0
            +---------+---------+-------+---------+---------+-------
